[Event "Titled Tuesday Blitz April 05 Late 2022"]
[White "Mangialardo, Tiago Carvalho"]
[Black "Harish, Neeraj"]
[WhiteFideId "2130718"]
[BlackFideId "30958130"]
[WhiteElo "2036"]
[BlackElo "1574"]
[Result "1-0"]
[Round "11"]
[TimeControl "180+1"]
[Date "2022.04.06"]
[WhiteClock "0:00:09"]
[BlackClock "0:00:20"]

1. e4 c5 2. Nf3 Nc6 3. d4 cxd4 4. Nxd4 Nf6 5. Nc3 e5 6. Nf3 Bb4 7. Bd3 O-O 8. O-O Bxc3 9. bxc3 d5 10. Bg5 dxe4 11. Bxf6 Qxf6 12. Bxe4 Bg4 13. Qd5 Rad8 14. Qb5 Qf4 15. Rfe1 f5 16. Bd5+ Kh8 17. Bxc6 bxc6 18. Qxe5 Qxe5 19. Nxe5 Rd2 20. Rac1 h6 21. Nxc6 Rc8 22. Ne7 Rxc3 23. f3 Bh5 24. Nxf5 Rcxc2 25. Rxc2 Rxc2 26. Ra1 Bf7 27. a4 a5 28. Nd6 Bb3 29. Ra3 Rc1+ 30. Kf2 Bd1 31. Nb7 Rc7 32. Nxa5 Ra7 33. Nc6 Rxa4 34. Rxa4 Bxa4 35. Nd4 Kh7 36. Ke3 Kg6 37. f4 Kf6 38. Nf3 Bd1 39. h3 Kf5 40. Nd4+ Kf6 41. Ke4 Ba4 42. Nf3 Bc6+ 43. Ke3 Bb7 44. Nd4 g6 45. Kf2 Be4 46. g3 Bd5 47. Ke3 Bb7 48. Nf3 Bc6 49. Nd4 Bb7 50. Nf3 Bc8 51. g4 Bb7 52. Nd4 Bc8 53. Nf3 Bb7 54. Nd4 Ba6 55. Nc6 Bb7 56. Ne5 Ba6 57. Nd7+ Ke7 58. Nc5 Bb5 59. Ne4 Kf7 60. Nd6+ Kf6 61. Nxb5 Ke6 62. Nd4+ Kf6 63. Ke4 Ke7 64. Nf3 Kf7 65. Ke5 Ke7 66. h4 Kf7 67. Nd4 Ke7 68. Nc6+ Kf7 69. Kd6 Kg7 70. Ke6 Kg8 71. Ne5 Kh7 72. Kf6 Kh8 73. Kxg6 Kg8 74. Kxh6 Kh8 75. Kg6 Kg8 76. h5 Kh8 77. Nf7+ Kg8 78. Nh6+ Kh8 79. Nf5 Kg8 80. g5 Kh8 81. h6 Kg8 82. Nd6 Kh8 83. f5 Kg8 84. h7+ Kh8 85. Nf7# 1-0


[Site "https://www.chess.com"]

[Event "Titled Tuesday Blitz April 05 Late 2022"]
[White "Melkumyan, Hrant"]
[Black "Kamsky, Gata"]
[WhiteFideId "13302485"]
[BlackFideId "2000024"]
[WhiteElo "2604"]
[BlackElo "2645"]
[Result "1-0"]
[Round "11"]
[TimeControl "180+1"]
[Date "2022.04.05"]
[WhiteClock "0:00:32"]
[BlackClock "0:00:02"]

1. c4 e5 2. g3 Nc6 3. Bg2 Bc5 4. e3 a6 5. Ne2 Ba7 6. d4 d6 7. dxe5 Nxe5 8. b3 Nf6 9. Bb2 O-O 10. Nbc3 Bg4 11. O-O Qd7 12. Qc2 Rae8 13. Nf4 b5 14. Ncd5 Nxd5 15. Nxd5 c6 16. Bxe5 dxe5 17. Nb4 Rc8 18. Nxa6 Rfd8 19. Nb4 Qd6 20. a3 Bc5 21. h3 Bxb4 22. axb4 Bh5 23. Qc3 f6 24. Ra6 Qd7 25. Rfa1 Bf7 26. Ra7 Qd6 27. Rb7 Rd7 28. Rb6 Qd3 29. Qxd3 Rxd3 30. Rxc6 Rcd8 31. cxb5 Rxb3 32. Ra7 Rxb4 33. Rcc7 Bg6 34. Bc6 Kh8 35. Kg2 h5 36. Rxg7 Bf5 37. Rgf7 1-0


[Site "https://www.chess.com"]

[Event "Titled Tuesday Blitz April 05 Late 2022"]
[White "Mikhalsky, Vladimir"]
[Black "Koziorowicz, Michal"]
[WhiteFideId "14144352"]
[BlackFideId "21809194"]
[WhiteElo "2301"]
[BlackElo "2235"]
[Result "1-0"]
[Round "11"]
[TimeControl "180+1"]
[Date "2022.04.05"]
[WhiteClock "0:01:08"]
[BlackClock "0:01:32"]

1. e4 c5 2. Nf3 d6 3. Bb5+ Bd7 4. Bxd7+ Qxd7 5. c4 Nc6 6. d4 cxd4 7. Nxd4 g6 8. Nc3 Bg7 9. Be3 Nf6 10. f3 O-O 11. O-O Rfc8 12. b3 Nxd4 13. Bxd4 a6 14. Na4 b5 15. Nb6 Qb7 16. Nxa8 Qxa8 17. cxb5 axb5 18. a4 Qb7 19. a5 Rc6 20. Rc1 Ra6 21. b4 Nd7 22. Bxg7 Kxg7 23. Qd4+ f6 24. Qd5 Qxd5 25. exd5 Ne5 26. Rfe1 Ra7 27. Rc8 Nd3 28. Re4 Rb7 29. f4 g5 30. g3 Kg6 31. Kg2 Kf5 32. Kf3 gxf4 33. gxf4 Nf2 34. Re3 Nh3 35. Rec3 Nxf4 36. R3c7 Rxc7 37. Rxc7 Nxd5 38. Rb7 e5 39. a6 e4+ 40. Kg2 Ne3+ 41. Kg1 Ng4 42. a7 e3 43. Re7 Kf4 44. a8=Q Ne5 45. Rxe5 dxe5 46. Kf1 f5 47. Ke2 h5 48. Qf3+ Kg5 49. Qxe3+ 1-0


[Site "https://www.chess.com"]

[Event "Titled Tuesday Blitz April 05 Late 2022"]
[White "Mkrtchyan, Mariam"]
[Black "Yuan, Qingyu"]
[WhiteFideId "13310828"]
[BlackFideId "8609772"]
[WhiteElo "1984"]
[BlackElo "2359"]
[Result "1-0"]
[Round "11"]
[TimeControl "180+1"]
[Date "2022.04.05"]
[WhiteClock "0:00:27"]
[BlackClock "0:00:02"]

1. d4 d5 2. Nf3 Nf6 3. c4 e6 4. g3 dxc4 5. Bg2 c5 6. O-O Nc6 7. Ne5 Bd7 8. Na3 cxd4 9. Naxc4 Be7 10. Bf4 Nd5 11. Nxd7 Qxd7 12. Ne5 Nxe5 13. Bxe5 O-O 14. Bxd4 Rfd8 15. e3 Nb4 16. Qg4 g6 17. Rfd1 Qb5 18. a4 Qa6 19. Bc3 Nc6 20. h4 h5 21. Qf4 e5 22. Qe4 Bf6 23. a5 Qe2 24. Rxd8+ Rxd8 25. a6 Ne7 26. axb7 Nf5 27. Bxe5 Bxe5 28. Qxe5 Nd6 29. Qxd6 Rxd6 30. b8=Q+ Kh7 31. Qxd6 Qxb2 32. Rxa7 Qb3 33. Qe7 Qd1+ 34. Kh2 Qb3 35. Qxf7+ Qxf7 36. Rxf7+ Kh6 37. Rf4 Kg7 38. e4 Kg8 39. e5 g5 40. hxg5 Kg7 41. e6 h4 42. e7 hxg3+ 43. fxg3 Kh7 44. e8=Q Kg7 45. Qf7+ Kh8 46. Rh4# 1-0


[Site "https://www.chess.com"]

[Event "Titled Tuesday Blitz April 05 Late 2022"]
[White "Mohammadian, Mohammad"]
[Black "Ardila, Oscar Humberto"]
[WhiteFideId "12566055"]
[BlackFideId "4404742"]
[WhiteElo "1544"]
[BlackElo "1983"]
[Result "1/2-1/2"]
[Round "11"]
[TimeControl "180+1"]
[Date "2022.04.06"]
[WhiteClock "0:00:05"]
[BlackClock "0:00:18"]

1. e4 e5 2. Nf3 Nf6 3. Nxe5 d6 4. Nf3 Nxe4 5. d4 Be7 6. Bd3 d5 7. O-O Nc6 8. Re1 Bf5 9. c3 O-O 10. Bf4 Bf6 11. Qc2 Re8 12. Nbd2 Nxd2 13. Qxd2 Bxd3 14. Qxd3 Qd7 15. Ne5 Nxe5 16. Bxe5 Bxe5 17. Rxe5 Rxe5 18. dxe5 Re8 19. Re1 c6 20. f4 Qg4 21. g3 h5 22. Kg2 g6 23. h3 Qe6 24. b4 b6 25. a4 c5 26. bxc5 bxc5 27. Qb5 Rc8 28. Qb7 d4 29. cxd4 cxd4 30. Rd1 Rc2+ 31. Kf3 Qa2 32. Rf1 Rg2 33. Qb5 Qd2 34. e6 fxe6 35. Qe8+ Kg7 36. Qe7+ Kh6 37. Qg5+ Kg7 38. Qe7+ Kh6 39. Qg5+ Kh7 40. Qe7+ Kh8 41. Qf8+ Kh7 42. Qe7+ Kh6 1/2-1/2


[Site "https://www.chess.com"]

[Event "Titled Tuesday Blitz April 05 Late 2022"]
[White "Morris-Suzuki, Sophie"]
[Black "Foisor, Sabina-Francesca"]
[WhiteFideId "30922615"]
[BlackFideId "1212915"]
[WhiteElo "2502"]
[BlackElo "2370"]
[Result "1-0"]
[Round "11"]
[TimeControl "180+1"]
[Date "2022.04.06"]
[WhiteClock "0:00:29"]
[BlackClock "0:00:05"]

1. d4 d5 2. c4 e6 3. Nc3 a6 4. Qc2 Nf6 5. cxd5 exd5 6. Bg5 Be7 7. e3 Nc6 8. a3 h6 9. Bh4 Be6 10. Bd3 Qd7 11. Nf3 Nh5 12. Bxe7 Qxe7 13. O-O O-O 14. Ne5 Nxe5 15. dxe5 g6 16. f4 Ng7 17. e4 d4 18. Ne2 c5 19. f5 Bxf5 20. exf5 Qxe5 21. fxg6 fxg6 22. Bxg6 b5 23. Qe4 Qxe4 24. Bxe4 Rae8 25. Bd5+ Kh8 26. Nf4 Kh7 27. Bc6 Re5 28. Nd3 Rxf1+ 29. Rxf1 Re6 30. Bd5 Rd6 31. Be4+ Kg8 32. Nxc5 Nh5 33. Bd3 Kg7 34. Re1 Nf6 35. Re6 Rd5 36. Nxa6 Ng4 37. Rg6+ 1-0


[Site "https://www.chess.com"]

[Event "Titled Tuesday Blitz April 05 Late 2022"]
[White "Murzin, Volodar"]
[Black "Vasquez Schroeder, Rodrigo"]
[WhiteFideId "44155573"]
[BlackFideId "3400042"]
[WhiteElo "2585"]
[BlackElo "2561"]
[Result "1-0"]
[Round "11"]
[TimeControl "180+1"]
[Date "2022.04.05"]
[WhiteClock "0:00:06"]
[BlackClock "0:00:36"]

1. e4 c5 2. Nf3 d6 3. c3 Nf6 4. h3 g6 5. Bd3 Bh6 6. O-O O-O 7. Bc2 e5 8. d4 Bxc1 9. Qxc1 cxd4 10. cxd4 Nc6 11. Rd1 Qe7 12. Nc3 Rd8 13. Bb3 exd4 14. Nxd4 Bd7 15. Ndb5 Be8 16. Qf4 Ne5 17. Nc7 Nh5 18. N7d5 Nxf4 19. Nxe7+ Kf8 20. Ned5 Nxd5 21. Bxd5 Rab8 22. f4 Nd7 23. g4 Nb6 24. g5 Bc6 25. Bb3 Ke7 26. Rd4 f6 27. gxf6+ Kxf6 28. Rad1 Ke7 29. Kf2 Rf8 30. Rxd6 Rxf4+ 31. Ke3 Rf6 32. Rxf6 Kxf6 33. Rf1+ Kg5 34. Rf7 h5 35. Rg7 Nd7 36. Bd5 Ne5 37. Kd4 Kf6 38. Rc7 Rd8 39. b4 a6 40. a4 Nf3+ 41. Kc5 Ne5 42. b5 axb5 43. axb5 Bxd5 44. Nxd5+ Kg5 45. Rxb7 Kh4 46. Re7 Nd3+ 47. Kc4 Nb2+ 48. Kc3 Nd1+ 49. Kd4 Kxh3 50. b6 Nb2 51. b7 Na4 52. Rc7 Rb8 53. Nb4 g5 54. Nc6 Rxb7 55. Rxb7 g4 56. Ne5 g3 57. Rh7 h4 58. Nf3 g2 59. Nxh4 1-0


[Site "https://www.chess.com"]

[Event "Titled Tuesday Blitz April 05 Late 2022"]
[White "Nasuta, Grzegorz"]
[Black "Pakleza, Zbigniew"]
[WhiteFideId "1141686"]
[BlackFideId "1119290"]
[WhiteElo "2396"]
[BlackElo "2467"]
[Result "0-1"]
[Round "11"]
[TimeControl "180+1"]
[Date "2022.04.05"]
[WhiteClock "0:00:02"]
[BlackClock "0:00:03"]

1. d4 d5 2. c4 c6 3. cxd5 cxd5 4. Bf4 Nc6 5. e3 Qb6 6. Qb3 Nf6 7. Nc3 Qxb3 8. axb3 e6 9. h3 Bb4 10. Bd3 Ke7 11. Ke2 Bd7 12. Nf3 Rhc8 13. Rhc1 Na5 14. Nd2 a6 15. g4 h6 16. f3 b5 17. h4 Nc6 18. Bg3 Ne8 19. g5 h5 20. Be1 Bd6 21. f4 g6 22. Nf3 Nb4 23. Ne5 Nxd3 24. Nxd3 Ng7 25. Ra2 Nf5 26. b4 a5 27. Rca1 a4 28. b3 Nxh4 29. bxa4 bxa4 30. Nc5 Nf5 31. N3xa4 Bxa4 32. Rxa4 Rxa4 33. Rxa4 h4 34. Ra7+ Rc7 35. Ra8 Rc6 36. Rh8 Rb6 37. Kd3 Rb8 0-1


[Site "https://www.chess.com"]

[Event "Titled Tuesday Blitz April 05 Late 2022"]
[White "Novikova, Galina"]
[Black "Spata, German"]
[WhiteFideId "4157095"]
[BlackFideId "113026"]
[WhiteElo "2397"]
[BlackElo "2583"]
[Result "0-1"]
[Round "11"]
[TimeControl "180+1"]
[Date "2022.04.06"]
[WhiteClock "0:00:54"]
[BlackClock "0:01:13"]

1. e4 g6 2. d4 Bg7 3. Nc3 c6 4. f3 d6 5. Be3 Nf6 6. Qd2 b5 7. O-O-O Qa5 8. Kb1 Be6 9. d5 cxd5 10. Bxb5+ Bd7 11. Bxd7+ Nbxd7 12. exd5 Rb8 13. b3 O-O 14. Nge2 Ne5 15. Ka1 Rfc8 16. h4 Qa3 17. Qc1 Qa5 18. Qd2 h5 19. f4 Nc4 20. bxc4 Ne4 21. Bd4 Nxd2 0-1


[Site "https://www.chess.com"]

[Event "Titled Tuesday Blitz April 05 Late 2022"]
[White "Papasimakopoulos, Alexandros"]
[Black "Li, Ben"]
[WhiteFideId "4244125"]
[BlackFideId "2089980"]
[WhiteElo "2340"]
[BlackElo "2267"]
[Result "0-1"]
[Round "11"]
[TimeControl "180+1"]
[Date "2022.04.05"]
[WhiteClock "0:00:15"]
[BlackClock "0:00:18"]

1. d4 d5 2. c4 c6 3. cxd5 cxd5 4. Bf4 Nf6 5. Nc3 Nc6 6. e3 a6 7. Bd3 Bg4 8. Nge2 e6 9. O-O Bd6 10. f3 Bh5 11. Rc1 Bg6 12. Na4 O-O 13. Nc5 Bxc5 14. Rxc5 Qe7 15. Bg3 Bxd3 16. Qxd3 Rfc8 17. Rfc1 Qd8 18. a3 Ne7 19. Bc7 Qd7 20. Qb3 b5 21. Nf4 Ne8 22. Qc2 Nf5 23. Kf2 Nfd6 24. Bxd6 Nxd6 25. b3 g6 26. Nd3 Qd8 27. Ne5 Qh4+ 28. Kg1 Qg5 29. Qd2 h5 30. Nd7 Qd8 31. Ne5 Qg5 32. Qf2 Rxc5 33. Rxc5 Rc8 34. h4 Qf5 35. Nc6 Kg7 36. Qc2 Qf6 37. g3 Nf5 38. Kf2 g5 39. Ne5 Rxc5 40. Qxc5 gxh4 41. gxh4 Qxh4+ 42. Ke2 Qh2+ 43. Kd3 Qf2 44. Qc1 h4 45. Ng4 Qxf3 46. Qg1 Qe4+ 47. Kd2 Kf8 48. Nf6 Qf3 49. Ng4 h3 50. Ne5 Qg3 51. Qxg3 Nxg3 52. Ng4 Nf1+ 53. Ke2 h2 54. Nf2 Ng3+ 55. Kf3 h1=Q+ 56. Nxh1 Nxh1 57. Kg2 Ke7 58. Kxh1 Kf6 59. Kg2 Kf5 60. Kf3 a5 61. a4 bxa4 62. bxa4 f6 63. Kf2 Ke4 64. Ke2 e5 65. dxe5 fxe5 66. Kd2 d4 67. exd4 Kxd4 68. Ke2 Kc3 69. Ke3 Kb4 70. Ke4 Kxa4 71. Kxe5 Kb3 72. Kd4 a4 73. Kd3 a3 74. Kd2 Kb2 75. Kd3 a2 76. Kc4 a1=Q 77. Kb5 Qa3 78. Kc6 Qd3 79. Kb6 Qc4 80. Ka5 Qb3 81. Ka6 Kc3 82. Ka7 Kc4 83. Ka8 Kc5 84. Ka7 Kc6 85. Ka8 Qb7# 0-1


[Site "https://www.chess.com"]

[Event "Titled Tuesday Blitz April 05 Late 2022"]
[White "Pavlidou, Ekaterini"]
[Black "Levin, Anthony"]
[WhiteFideId "4213262"]
[BlackFideId "30940680"]
[WhiteElo "2127"]
[BlackElo "2062"]
[Result "1-0"]
[Round "11"]
[TimeControl "180+1"]
[Date "2022.04.06"]
[WhiteClock "0:01:10"]
[BlackClock "0:00:08"]

1. d4 Nf6 2. c4 g6 3. Nc3 d5 4. Nf3 Bg7 5. Bg5 dxc4 6. h4 c5 7. d5 b5 8. Bxf6 Bxf6 9. e4 b4 10. e5 bxc3 11. bxc3 Bg7 12. Bxc4 O-O 13. h5 Ba6 14. Qe2 Bxc4 15. Qxc4 Nd7 16. hxg6 hxg6 17. Qh4 Re8 18. e6 Bxc3+ 19. Ke2 fxe6 20. Ng5 Nf8 21. Rac1 Bf6 22. Rcd1 Qa5 23. dxe6 Qb5+ 24. Kf3 Qc6+ 25. Kg3 Red8 26. f4 Rxd1 27. Rxd1 Nxe6 28. Qh7+ Kf8 29. Qf7# 1-0


[Site "https://www.chess.com"]

[Event "Titled Tuesday Blitz April 05 Late 2022"]
[White "Petrovic, Aleksa"]
[Black "Aldokhin, Ivan"]
[WhiteFideId "967629"]
[BlackFideId "24115720"]
[WhiteElo "2482"]
[BlackElo "2600"]
[Result "0-1"]
[Round "11"]
[TimeControl "180+1"]
[Date "2022.04.06"]
[WhiteClock "0:00:11"]
[BlackClock "0:01:49"]

1. d4 Nf6 2. c4 g6 3. Nc3 Bg7 4. e4 d6 5. Nf3 O-O 6. Be2 Nc6 7. d5 Nb4 8. O-O Re8 9. h3 e6 10. dxe6 Bxe6 11. Nd4 Bd7 12. f3 Nh5 13. a3 Bxd4+ 14. Qxd4 Nc2 15. Qd2 Nxa1 16. Qh6 Nb3 17. Be3 Qf6 18. Nd5 Qg7 19. Qxg7+ Kxg7 20. Nxc7 Ng3 21. Nxe8+ Bxe8 22. Rf2 Nxe2+ 23. Rxe2 b6 24. Rc2 Rc8 25. Rc3 Ba4 26. Rd3 Rxc4 27. Rxd6 Rc2 28. Bg5 f6 29. Bxf6+ Kf7 30. Bc3 Nc5 31. Rd8 Ne6 32. Ra8 a5 33. Ra7+ Ke8 34. Rxh7 Nf4 35. Rh8+ Kd7 36. g4 Ne2+ 37. Kh1 Nxc3 38. bxc3 Rxc3 39. Kg2 Bd1 40. f4 Bf3+ 41. Kg3 Bxe4+ 42. Kh4 Rxa3 43. Kg5 b5 44. h4 b4 45. Rh7+ Kd6 46. h5 gxh5 47. Rh6+ Kc5 48. gxh5 b3 49. Rh8 b2 50. Rb8 b1=Q 0-1


[Site "https://www.chess.com"]

[Event "Titled Tuesday Blitz April 05 Late 2022"]
[White "Pinheiro, Iung Alicio de O."]
[Black "Nazaretyan, Tigran"]
[WhiteFideId "2104350"]
[BlackFideId "24162345"]
[WhiteElo "2572"]
[BlackElo "2225"]
[Result "0-1"]
[Round "11"]
[TimeControl "180+1"]
[Date "2022.04.05"]
[WhiteClock "0:00:01"]
[BlackClock "0:00:24"]

1. c4 Nf6 2. g3 c6 3. Bg2 d5 4. Nf3 g6 5. b3 Bg7 6. Bb2 O-O 7. O-O a5 8. Nc3 Ne4 9. Qc2 Bf5 10. d3 Nxc3 11. Bxc3 d4 12. Bb2 c5 13. Rad1 Nc6 14. a3 a4 15. bxa4 Qa5 16. Rb1 Qxa4 17. Qd2 e5 18. Bc1 e4 19. Ng5 e3 20. Qb2 Ra7 21. Ne4 Qa5 22. Qb5 Bxe4 23. Bxe4 exf2+ 24. Kg2 Ne5 25. Qxa5 Rxa5 26. h3 b5 27. cxb5 Rb8 28. Bf4 Rbxb5 29. Rxb5 Rxb5 30. Kxf2 Ra5 31. Ra1 c4 32. dxc4 Nxc4 33. Bc1 d3 34. Ra2 Bd4+ 35. Kf1 Be3 36. Bxd3 Bxc1 37. Bxc4 Bxa3 38. g4 Kg7 39. Rd2 h5 40. Rd7 hxg4 41. Rxf7+ Kh6 42. hxg4 Kg5 43. Be6 Re5 44. Bc8 Re7 45. Rf3 Bc5 46. Rc3 Re5 47. Rc4 Kh4 48. Bb7 Kg3 49. Rc3+ Be3 50. Bf3 g5 51. Rd3 Re7 52. Rb3 Rc7 53. Rb1 Rh7 54. Ke1 Rd7 55. Kf1 Rh7 56. Re1 Rh2 57. Rb1 Bd2 58. Rd1 Rf2+ 59. Kg1 Be3 60. Kh1 Rh2# 0-1


[Site "https://www.chess.com"]

[Event "Titled Tuesday Blitz April 05 Late 2022"]
[White "Przybylski, Wojciech"]
[Black "Kostiukov, Alexandr"]
[WhiteFideId "1117599"]
[BlackFideId "14108100"]
[WhiteElo "2458"]
[BlackElo "2327"]
[Result "1-0"]
[Round "11"]
[TimeControl "180+1"]
[Date "2022.04.06"]
[WhiteClock "0:00:41"]
[BlackClock "0:00:06"]

1. e4 c5 2. Nf3 g6 3. c3 Bg7 4. d4 cxd4 5. cxd4 d5 6. e5 Nc6 7. Be2 Bg4 8. O-O Nh6 9. h3 Bxf3 10. Bxf3 Nf5 11. Nc3 Nfxd4 12. Bxd5 O-O 13. e6 fxe6 14. Bb3 Kh8 15. Be3 e5 16. Ne4 Nxb3 17. Qxb3 b6 18. Rfd1 Nd4 19. Qd3 Qd5 20. Nc3 Qf7 21. Qe4 Rad8 22. Rd2 Qf5 23. Rad1 Qxe4 24. Nxe4 Nc6 25. Rxd8 Rxd8 26. Rxd8+ Nxd8 27. Kf1 Bf6 28. Ke2 Kg7 29. Kd3 Kf7 30. Kc4 Nb7 31. Kd5 Na5 32. b3 e6+ 33. Kd6 Be7+ 34. Kc7 Bb4 35. Kd7 Nb7 36. Ng5+ Kf6 37. Nxh7+ Kf5 38. f3 Nc5+ 39. Kc6 Nd3 40. g4# 1-0


[Site "https://www.chess.com"]

[Event "Titled Tuesday Blitz April 05 Late 2022"]
[White "Quirke, Jeffrey"]
[Black "Clawitter, Craig"]
[WhiteFideId "2013029"]
[BlackFideId "2023105"]
[WhiteElo "2229"]
[BlackElo "2201"]
[Result "1-0"]
[Round "11"]
[TimeControl "180+1"]
[Date "2022.04.06"]
[WhiteClock "0:00:10"]
[BlackClock "0:00:02"]

1. c4 e6 2. g3 d5 3. Bg2 Nf6 4. Nf3 Be7 5. O-O O-O 6. b3 a5 7. a3 a4 8. cxd5 exd5 9. b4 Re8 10. Bb2 Nbd7 11. d3 c6 12. Nc3 Nb6 13. Nd4 h5 14. h3 Bd6 15. Qc2 h4 16. g4 Qe7 17. e4 dxe4 18. dxe4 Nc4 19. Bc1 Be5 20. Nde2 Bc7 21. f4 Bb6+ 22. Kh1 Ne3 23. Bxe3 Bxe3 24. e5 Nd5 25. Nxd5 cxd5 26. Bxd5 Be6 27. Bxe6 Qxe6 28. Qe4 Bb6 29. Rad1 Rac8 30. Rd6 Qa2 31. Rxb6 Rc2 32. Rf2 Qxa3 33. Kg2 Rb2 34. f5 Rd8 35. e6 1-0


[Site "https://www.chess.com"]

[Event "Titled Tuesday Blitz April 05 Late 2022"]
[White "Roman, Rodrigo"]
[Black "Gatterer, Florian"]
[WhiteFideId "3701220"]
[BlackFideId "811688"]
[WhiteElo "2001"]
[BlackElo "2218"]
[Result "0-1"]
[Round "11"]
[TimeControl "180+1"]
[Date "2022.04.06"]
[WhiteClock "0:00:19"]
[BlackClock "0:00:12"]

1. c4 Nf6 2. Nc3 g6 3. g3 Bg7 4. Bg2 O-O 5. e4 d6 6. Nge2 c5 7. O-O Nc6 8. d4 Bg4 9. f3 Bc8 10. Be3 cxd4 11. Nxd4 Nxd4 12. Bxd4 Nd7 13. Bxg7 Kxg7 14. Qd4+ Kg8 15. Rad1 Qb6 16. Qxb6 Nxb6 17. b3 Be6 18. Nd5 Bxd5 19. exd5 Rfe8 20. Rfe1 a5 21. f4 Nd7 22. Re3 Rab8 23. Rde1 Kf8 24. a4 Nc5 25. h4 b6 26. Bf3 h5 27. g4 hxg4 28. Bxg4 Rb7 29. Kg2 Kg7 30. Kg3 Kf6 31. h5 gxh5 32. Bxh5 Rh8 33. Kh4 Rh7 34. Rg1 Rb8 35. Rg5 Rbh8 36. Kg4 Rh6 37. Rf5+ Kg7 38. Rxf7+ Kg8 39. Rf5 R8h7 40. Rg5+ Kf8 41. Bg6 Rh8 42. Kf5 Rh4 43. Rg4 Rh3 44. Rgg3 R3h4 45. Kg5 Rh1 46. f5 Rf1 47. Bh5 Rg8+ 48. Bg6 Rh8 49. Rgf3 Ne4+ 50. Kf4 Rh4# 0-1


[Site "https://www.chess.com"]

[Event "Titled Tuesday Blitz April 05 Late 2022"]
[White "Romanchuk, Viktor"]
[Black "Zherebtsova, Alexandra"]
[WhiteFideId "14109271"]
[BlackFideId "24129518"]
[WhiteElo "2560"]
[BlackElo "2415"]
[Result "1-0"]
[Round "11"]
[TimeControl "180+1"]
[Date "2022.04.06"]
[WhiteClock "0:00:36"]
[BlackClock "0:00:45"]

1. d4 d5 2. c4 e6 3. Nc3 Nf6 4. Nf3 Be7 5. Bf4 b6 6. e3 Bb7 7. cxd5 Nxd5 8. Bb5+ c6 9. Nxd5 Qxd5 10. Bd3 Bb4+ 11. Ke2 O-O 12. Qc2 h6 13. a3 Be7 14. Rhd1 Nd7 15. Rac1 Qh5 16. Be4 Nf6 17. Bxc6 Ba6+ 18. Ke1 Nd5 19. Bg3 Rad8 20. Qa4 Bc8 21. Qxa7 f5 22. Bxd5 Rxd5 23. Qxe7 f4 24. Rxc8 Rxc8 25. Qxe6+ Kh7 26. Qxc8 fxg3 27. hxg3 Qf7 28. Rc1 Rh5 29. Ke2 Qb3 30. Qc2+ Qxc2+ 31. Rxc2 1-0


[Site "https://www.chess.com"]

[Event "Titled Tuesday Blitz April 05 Late 2022"]
[White "Romero Ruscalleda, Josep"]
[Black "Ricaurte Lopez, Juan Carlos"]
[WhiteFideId "2231859"]
[BlackFideId "3600327"]
[WhiteElo "2290"]
[BlackElo "2209"]
[Result "1-0"]
[Round "11"]
[TimeControl "180+1"]
[Date "2022.04.06"]
[WhiteClock "0:00:09"]
[BlackClock "0:00:01"]

1. e4 e5 2. Nf3 Nc6 3. Bc4 Nf6 4. d4 exd4 5. e5 d5 6. Bb5 Ne4 7. Nxd4 Bd7 8. Bxc6 bxc6 9. O-O Bc5 10. Be3 Bb6 11. Nd2 Nxd2 12. Qxd2 O-O 13. Nb3 f6 14. exf6 Qxf6 15. c3 Rae8 16. Rfe1 Qg6 17. Kh1 Bf5 18. Bc5 Be4 19. f3 Rxf3 20. Rxe4 dxe4 21. gxf3 exf3 22. Rg1 Qf5 23. Qd4 g6 24. Qc4+ Kg7 25. Bd4+ Kh6 26. Bxb6 axb6 27. Qh4+ Kg7 28. Qd4+ Kh6 29. Nd2 f2 30. Rf1 Re2 31. Kg2 Qg5+ 32. Kh1 Rxd2 33. Qe4 Rxb2 34. h4 Qg3 35. Qe6 Qf3+ 36. Kh2 Qf4+ 37. Kh1 Qxh4+ 38. Kg2 Qg5+ 39. Kh2 Rd2 40. Qh3+ 1-0


[Site "https://www.chess.com"]

[Event "Titled Tuesday Blitz April 05 Late 2022"]
[White "Sadhwani, Raunak"]
[Black "Sarana, Alexey"]
[WhiteFideId "35093487"]
[BlackFideId "24133795"]
[WhiteElo "2616"]
[BlackElo "2666"]
[Result "0-1"]
[Round "11"]
[TimeControl "180+1"]
[Date "2022.04.05"]
[WhiteClock "0:00:01"]
[BlackClock "0:00:09"]

1. d4 Nf6 2. Nf3 d5 3. c4 e6 4. g3 Bb4+ 5. Bd2 Be7 6. Bg2 c6 7. O-O Nbd7 8. Bc3 dxc4 9. a4 a5 10. Nfd2 Nb6 11. e4 O-O 12. Qe2 Nfd7 13. Nxc4 Nxc4 14. Qxc4 b6 15. Rd1 Ba6 16. Qb3 c5 17. Na3 cxd4 18. Bxd4 Bc5 19. Nc4 Qe7 20. e5 Bxc4 21. Qxc4 Rac8 22. Qb5 Rfd8 23. Bc3 Nf8 24. Be4 Qg5 25. Kg2 Ng6 26. Rxd8+ Rxd8 27. Bxg6 hxg6 28. Bxa5 Bxf2 29. Bc3 Bc5 30. a5 Qf5 31. axb6 Qe4+ 32. Kh3 Qf5+ 33. Kg2 Qe4+ 34. Kh3 g5 35. Qxc5 g4+ 36. Kh4 g5+ 37. Kxg5 Qf5+ 38. Kh4 Kg7 0-1


[Site "https://www.chess.com"]

[Event "Titled Tuesday Blitz April 05 Late 2022"]
[White "Saldano Dayer, Horacio"]
[Black "Melikhov, Evgeny V."]
[WhiteFideId "103411"]
[BlackFideId "4122046"]
[WhiteElo "2491"]
[BlackElo "2359"]
[Result "0-1"]
[Round "11"]
[TimeControl "180+1"]
[Date "2022.04.06"]
[WhiteClock "0:00:13"]
[BlackClock "0:00:04"]

1. g3 f5 2. Nf3 Nf6 3. Bg2 g6 4. O-O Bg7 5. d4 O-O 6. c3 d6 7. Qb3+ e6 8. Nbd2 h6 9. Re1 Nc6 10. e4 fxe4 11. Nxe4 Nxe4 12. Rxe4 Qd7 13. Bd2 Qf7 14. Rae1 e5 15. Qxf7+ Rxf7 16. dxe5 dxe5 17. Be3 Bf5 18. Rc4 Rd8 19. Nh4 Bd3 20. Rxc6 bxc6 21. Bxc6 e4 22. Ba4 Rf6 23. Bb3+ Kh7 24. Bxa7 g5 25. Ng2 Ra6 26. Be3 Ra5 27. h4 c5 28. Be6 c4 29. Bb6 Rd6 30. Bxa5 Rxe6 31. hxg5 hxg5 32. Bd8 Kg6 33. f4 Ra6 34. a3 Ra8 35. Bxg5 Rb8 36. g4 Rxb2 37. Nh4+ Kf7 38. Nf5 Bxc3 39. Rd1 Rb1 40. Rxb1 Bxb1 41. Ne3 Bd4 42. Kf1 Bxe3 43. Ke2 Bd4 44. f5 Bd3+ 45. Kd1 c3 46. Bc1 c2+ 47. Kd2 Bc5 48. Kc3 Bb6 49. g5 Kg7 50. a4 Ba5+ 51. Kd4 Bb4 52. Ke5 e3 53. g6 e2 54. f6+ Kxg6 55. f7 e1=Q+ 56. Kd4 Qc3+ 57. Ke3 Bc4+ 58. Kf4 Bxf7 59. Bd2 Qf6+ 60. Ke4 Qf5+ 61. Kd4 Be6 62. Bxb4 Qd5+ 63. Kc3 Qc4+ 64. Kb2 Qxb4+ 65. Kc1 Qxa4 66. Kd2 Qb3 0-1


[Site "https://www.chess.com"]

[Event "Titled Tuesday Blitz April 05 Late 2022"]
[White "Sanal, Vahap"]
[Black "Tregubov, Pavel V."]
[WhiteFideId "6300545"]
[BlackFideId "4115341"]
[WhiteElo "2603"]
[BlackElo "2341"]
[Result "1/2-1/2"]
[Round "11"]
[TimeControl "180+1"]
[Date "2022.04.05"]
[WhiteClock "0:00:07"]
[BlackClock "0:00:06"]

1. Nf3 Nf6 2. b3 c5 3. Bb2 Nc6 4. e3 d6 5. d4 cxd4 6. exd4 e6 7. Bd3 g6 8. d5 exd5 9. O-O Be7 10. Re1 O-O 11. Nc3 Bg4 12. h3 Bxf3 13. Qxf3 Ne5 14. Qd1 Rc8 15. Bf1 Qa5 16. Nb5 a6 17. Nd4 Rfe8 18. f4 Ned7 19. Qf3 Ne4 20. Nf5 Bf6 21. Bxf6 Ndxf6 22. Ne3 Rc3 23. Bd3 Qc5 24. Kh2 d4 25. Nd1 Rxc2 26. Bxe4 Rd2 27. Nf2 Rxf2 28. Qxf2 Nxe4 29. Qf3 d5 30. Rac1 Qd6 31. Rcd1 Qf6 32. g3 Rc8 33. Qd3 Rc3 34. Qxd4 Rc2+ 35. Kg1 Qf5 36. Qd3 Rc3 37. g4 Qxf4 38. Rxe4 Rxd3 39. Re8+ Kg7 40. Rxd3 Qc1+ 41. Kf2 Qc2+ 42. Ke3 Qxa2 43. Rd8 Qg2 44. R8xd5 Qxh3+ 45. Kf4 Qh2+ 46. Kf3 Qh3+ 47. Kf4 Qh2+ 48. Ke4 Qg2+ 49. Kf4 Qf2+ 50. Rf3 Qe2 51. Rdd3 Qe6 52. Kg3 Qe1+ 53. Kg2 Qe2+ 54. Kg3 Qe5+ 55. Kg2 h5 56. gxh5 Qxh5 57. Rd4 Qg5+ 58. Kf2 Qe5 59. Rd7 Qe6 60. Rxb7 g5 61. Rb8 g4 62. Re3 Qf5+ 63. Ke2 Qf4 64. Rbe8 g3 65. R8e4 Qf2+ 66. Kd3 g2 67. Rg4+ Kf6 68. Reg3 Qf1+ 69. Kd2 Qf2+ 70. Kc3 Qe1+ 71. Kb2 Qd2+ 72. Ka3 Qa5+ 73. Kb2 Qd2+ 74. Kb1 Qd1+ 75. Ka2 Qd2+ 76. Ka3 Qa5+ 77. Kb2 Qd2+ 1/2-1/2


[Site "https://www.chess.com"]